 Dungeon Crawl Stone Soup version 0.28-a0-816-gb054d885db (webtiles) character file.

Game seed: 17167884988470652648

7 cheechan the Cudgeller (level 1, 19/19 HPs)
             Began as a Palentonga Monk on Nov 8, 2021.
             Quit the game on level 1 of the Dungeon.
             The game lasted 00:00:45 (179 turns).

cheechan the Cudgeller (Palentonga Monk)             Turns: 179, Time: 00:00:46

Health: 19/19      AC:  4    Str: 14    XL:     1   Next: 91%
Magic:  1/1        EV: 10    Int: 10    God:
Gold:   0          SH:  0    Dex: 12    Spells: 0/0 levels left

rFire   . . .      SeeInvis +   a - +0 mace
rCold   . . .      Faith    .   (no shield)
rNeg    . . .      Spirit   .   b - +0 robe
rPois   .          Reflect  .   (no helmet)
rElec   .          Harm     .   (no cloak)
rCorr   .          Rampage  .   (no gloves)
Will    .....                   (no barding)
Stlth   ++........              (no amulet)
HPRegen 0.06/turn               (no ring)
MPRegen 0.07/turn               (no ring)

@: no status effects
A: large, rugged brown scales 3, see invisible, deformed body, roll 1, armoured
tail
a: Rolling Charge


You were on level 1 of the Dungeon.
You visited 1 branch of the dungeon, and saw 1 of its levels.

Inventory:

Hand Weapons
 a - a +0 mace (weapon)
Missiles
 c - 25 bolts
Armour
 b - a +0 robe (worn)


   Skills:
 + Level 3.1 Fighting
 + Level 3.1 Maces & Flails
 + Level 2.6 Dodging
 + Level 1.2 Stealth


You couldn't memorise any spells.
You didn't know any spells.
Your spell library was empty.

Dungeon Overview and Level Annotations

Branches:
Dungeon (1/15)

Altars:


Innate Abilities, Weirdness & Mutations

You are completely covered in rugged brown scales. (AC +3, +7% HP)
You have supernaturally acute eyesight. (SInv)
Armour fits poorly on your strangely shaped body.
You can roll at nearby foes to attack.
You have a long armoured tail.


Message History

The dart slug closely misses you.
You hit the dart slug.
The dart slug is moderately wounded.
The dart slug completely misses you.
You thump the dart slug!
You kill the dart slug!
Found a stone staircase leading down.
A kobold comes into view. It is wielding a +0 whip.
The kobold shouts!
Roll where?
Press: ? - help, Q - select action Dir - move target, f - kobold
Aim: a kobold, wielding a +0 whip You roll forward with a clatter of scales!
You hit the kobold but do no damage. The kobold barely misses you.
You hit the kobold.
The kobold is heavily wounded.
The kobold closely misses you. The kobold hits you with a +0 whip.
You barely miss the kobold.
Your tail-slap misses the kobold.
The kobold is moderately wounded.
The kobold hits you with a +0 whip.
You hit the kobold.
You kill the kobold!
You see here a +0 whip.
A hobgoblin comes into view.
The helpless hobgoblin fails to defend itself.
You sock the hobgoblin!
You kill the hobgoblin!
You see here a hobgoblin corpse.
A rat comes into view.
A frilled lizard and a rat come into view.
The helpless frilled lizard fails to defend itself.
You hit the frilled lizard.
You kill the frilled lizard!
You hit the rat.
You kill the rat!
You sock the rat!
You kill the rat!
You see here a rat corpse.
Are you sure you want to abandon this character and quit the game? (Confirm with "yes".)

##.# #....# ###'###
#..≈ #.# ##..# #...#
#.. ###.########
####### ##
#.†#........
#.......#
#.#.#####...
#....#....# #.#.# #.#
#.......#.# #.#.# #.#
##.......## #.#.#
#.############
#.#.######@....##...#
#.#.....##.....#
#.#####.##.....# #.#
#.##.....# #.#
#.##.....# #.#
#.##.#.###
#.#####.##.#.#
#......#...#.#
#######.####.#


There were no monsters in sight!

Vanquished Creatures
  A dart slug (D:1)
  A hobgoblin (D:1)
  A kobold (D:1)
  A frilled lizard (D:1)
  2 rats (D:1)
6 creatures vanquished.

Notes
Turn   | Place    | Note
-------+----------+-------------------------------------------
     0 | D:1      | cheechan the Palentonga Monk began the quest for the Orb.
     0 | D:1      | Reached XP level 1. HP: 19/19 MP: 1/1
   179 | D:1      | Quit the game

Illustrated notes

Levels and vault maps discovered:
D:1:      shiori_arrival_elements, layout_loops_ring

Action                   || total
-------------------------++-------
Melee: Mace              ||    10
 Abil: Rolling Charge    ||     1
 Stab: Sleeping          ||     2
Dodge: Dodged            ||     4

Table legend: (Time is in decaauts)
 A = Elapsed time spent in this place.
 B = Non-inter-level travel time spent in this place.
 C = Inter-level travel time spent in this place.
 D = Time resting spent in this place.
 E = Time spent auto-exploring this place.
 F = Levels seen in this place.
 G = Mean time per level.
                   A        B        C        D        E       F      G
               +--------+--------+--------+--------+--------+-----+--------+
         Total |    181 |    181 |      0 |      0 |      0 |   1 |  181.0 |
       Dungeon |    181 |    181 |      0 |      0 |      0 |   1 |  181.0 |
               +--------+--------+--------+--------+--------+-----+--------+

Top non-repeatable levels by time:
     D:1: 181 daAuts
